 Dungeon Crawl Stone Soup version 0.27.1-3-gb3d3a73c9e (webtiles) character file.

Game seed: 14084479823531410291

49 Crownlay the Chopper (level 3, -2/31 HPs)
             Began as a Hill Orc Fighter on Oct 20, 2021.
             Slain by a black bear (3 damage)
             ... on level 2 of the Dungeon.
             The game lasted 00:01:28 (890 turns).

Crownlay the Chopper (Hill Orc Fighter)              Turns: 890, Time: 00:01:29

Health: -2/31      AC:  6    Str: 19    XL:     3   Next: 77%
Magic:  3/3        EV:  9    Int:  8    God:
Gold:   55         SH:  0    Dex: 10    Spells: 2/2 levels left

rFire    . . .     SeeInvis .   a - +0 war axe
rCold    . . .     Faith    .   (no shield)
rNeg     . . .     Spirit   .   b - +0 scale mail
rPois    .         Reflect  .   (no helmet)
rElec    .         Harm     .   (no cloak)
rCorr    .         Rampage  .   (no gloves)
Will     .....                  (no boots)
Stlth    ..........             (no amulet)
HPRegen  0.10/turn              (no ring)
MPRegen  0.08/turn              (no ring)

@: no status effects
A: no striking features
a: no special abilities


You were on level 2 of the Dungeon.
You visited 1 branch of the dungeon, and saw 2 of its levels.

You collected 55 gold pieces.

Inventory:

Hand Weapons
 a - a +0 war axe (weapon)
Armour
 b - a +0 scale mail (worn)
 c - a +0 kite shield
Scrolls
 f - a scroll of identify {unknown}
 g - a scroll of fear {unknown}
 h - a scroll of enchant weapon {unknown}
 i - a scroll of fog {unknown}
 j - a scroll of summoning {unknown}
 k - a scroll of magic mapping {unknown}
Potions
 d - a potion of might
 e - a potion of flight {unknown}
 l - 2 potions of berserk rage {unknown}


   Skills:
 - Level 3.6 Fighting
 + Level 5.3 Axes
 - Level 3.2 Armour
 - Level 3.2 Shields


You had 2 spell levels left.
You didn't know any spells.
Your spell library was empty.

Dungeon Overview and Level Annotations

Branches:
Dungeon (2/15)

Altars:

Shops:
D:2 !


Message History

The black bear is heavily wounded.
You slash the hobgoblin!
You kill the hobgoblin!
The black bear bites you but does no damage.
The black bear misses you. The black bear claws you.
You barely miss the black bear.
The black bear is heavily wounded.
You hit the kobold. The black bear bites you.
The black bear claws you but does no damage. x2
The kobold closely misses you.
The black bear bites you but does no damage.
The black bear claws you but does no damage.
The black bear barely misses you.
You slash the black bear!
The black bear is almost dead.
You slash the kobold!
You kill the kobold!
The black bear goes berserk!
You completely miss the black bear.
The black bear is severely wounded.
The black bear closely misses you.
The black bear claws you but does no damage.
The black bear barely misses you.
The black bear bites you but does no damage.
The black bear closely misses you. The black bear claws you.
You closely miss the black bear.
The black bear is severely wounded.
The black bear bites you!
* * * LOW HITPOINT WARNING * * *
The black bear claws you but does no damage.
The black bear claws you.
* * * LOW HITPOINT WARNING * * *
You slash the black bear!
The black bear is almost dead.
The black bear bites you.
* * * LOW HITPOINT WARNING * * *
The black bear claws you.
* * * LOW HITPOINT WARNING * * *
The black bear closely misses you. The black bear bites you.
You die...

#. .......# #.. ###......
#.... #...... .....#.#..#
#..#....# #.......# .
##.....####### .## #
#.#....)#...# ..# .#
#.∩#.#..h@...# #.# ..# #..
#.#.†##...# #.##.## ....
..#=......# #.....# ....
...#.##...!####.....#
..........###[..#..<.†...#
....... #...).##.....#
......#.#....###.#####
...##(.......# #.#
.............# #.#


You could see a black bear (berserk).

Vanquished Creatures
  An adder (D:2)
  A dart slug (D:2)
  2 ball pythons (D:1)
  7 bats
  2 endoplasms
  2 giant cockroaches
  5 hobgoblins
  4 kobolds
  3 quokkas (D:1)
  A frilled lizard (D:1)
  4 goblins
32 creatures vanquished.

Notes
Turn   | Place    | Note
-------+----------+-------------------------------------------
     0 | D:1      | Crownlay the Hill Orc Fighter began the quest for the Orb.
     0 | D:1      | Reached XP level 1. HP: 19/19 MP: 1/1
    45 | D:1      | Reached skill level 3 in Axes
    86 | D:1      | Reached XP level 2. HP: 20/26 MP: 2/2
   168 | D:1      | Reached skill level 4 in Axes
   504 | D:1      | Reached XP level 3. HP: 31/31 MP: 3/3
   810 | D:2      | Reached skill level 5 in Axes
   870 | D:2      | Noticed a black bear
   875 | D:2      | Found Teg Qadouph's Distillery.
   890 | D:2      | HP: 1/31 [black bear (1)]
   890 | D:2      | Slain by a black bear

Illustrated notes

Levels and vault maps discovered:
D:1:      amcnicky_arrival_feature_with_door, layout_basic, grunt_decor_cap
D:2:      layout_rooms, hellmonk_ecumenical_altar_heavens_door, serial_shops,
          shop, minmay_indecisive_spiral, uniq_robin

Skill      XL: |  1  2  3 |
---------------+----------+-----
Axes           | 3 4 5 |  5.3
Fighting       | |  3.6
Armour         | |  3.2
Shields        | |  3.2

Action                   || total
-------------------------++-------
Melee: War axe           ||    90
Armor: Scale mail        ||    83
Dodge: Dodged            ||    75
